 Dungeon Crawl Stone Soup version 0.29.1-15-g9cfb28693d (webtiles) character file.

Game seed: 4637752738040706109

1369 croobank the Firebug (level 8, 0/58 HPs)
             Began as a Demonspawn Fire Elementalist on Mar 30, 2023.
             Was an Initiate of Hepliaklqana.
             Slain by Duvessa
             ... wielding a +0 short sword
              (12 damage)
             ... on level 5 of the Dungeon.
             The game lasted 01:25:34 (6508 turns).

croobank the Firebug (Demonspawn Fire Elementalist) Turns: 6508, Time: 01:25:35

Health: 0/58       AC: 10    Str:  8    XL:     8   Next: 38%
Magic:  1/14       EV: 12    Int: 25    God:    Hepliaklqana [......]
Gold:   282        SH:  0    Dex: 14    Spells: 2/15 levels left

rFire   . . .      SeeInvis +   g - +2 short sword (venom)
rCold   + . .      Faith    .   (no shield)
rNeg    . . .      Spirit   .   A - +2 leather armour {rC+}
rPois   .          Reflect  .   q - +2 hat
rElec   .          Harm     .   v - +0 cloak
rCorr   .          Rampage  .   (no gloves)
Will    .....                   n - +0 pair of boots
Stlth   ++........              (no amulet)
HPRegen 0.19/turn               i - +6 ring of intelligence
MPRegen 0.28/turn               k - ring of wizardry

@: unable to read
A: antennae 2, magic regeneration, sharp scales 1, claws 1, see invisible,
inability to read after injury 1
a: Renounce Religion


You were on level 5 of the Dungeon.
You worshipped Hepliaklqana.
Hepliaklqana was noncommittal.
You visited 2 branches of the dungeon, and saw 6 of its levels.

You collected 282 gold pieces.

Inventory:

Hand Weapons
 b - a +0 morningstar
 d - a +0 dagger
 e - a +0 scimitar
 g - a +2 short sword of venom (weapon)
 s - a +3 hand axe of freezing
 w - a +5 quarterstaff of chaos
 y - a +3 spear of freezing
Missiles
 h - 4 boomerangs
 p - 2 boomerangs of dispersal
Armour
 a - a +0 robe
 n - a +0 pair of boots (worn)
 q - a +2 hat (worn)
 v - a +0 cloak (worn)
 A - a +2 leather armour of cold resistance (worn)
Jewellery
 i - a +6 ring of intelligence (left claw)
 k - a ring of wizardry (right claw)
 m - a ring of see invisible
Wands
 x - a wand of charming (5)
Scrolls
 f - 3 scrolls of magic mapping
 r - 2 scrolls of fog
 u - 2 scrolls of amnesia
 z - 2 scrolls of identify
Potions
 c - 2 potions of attraction
 j - 2 potions of lignification
 l - a potion of brilliance
 o - 2 potions of flight
 t - 2 potions of curing


   Skills:
 + Level 3.4 Fighting
 + Level 0.4 Armour
 + Level 3.9 Dodging
 + Level 4.1 Stealth
 + Level 4.0 Spellcasting
 + Level 3.9 Conjurations
 * Level 2.0 Summonings
 + Level 4.3 Fire Magic
 + Level 3.6 Invocations


You had 2 spell levels left.
You knew the following spells:

 Your Spells              Type           Power      Damage    Failure   Level
a - Foxfire               Conj/Fire      100%       2x1d9     1%          1
b - Scorch                Fire           52%        2d7       1%          2
c - Flame Wave            Conj/Fire      25%        2d8       9%          4
d - Call Canine Familiar  Summ           15%        N/A       7%          3
e - Summon Guardian Gole  Hex/Summ       10%        N/A       11%         3

Your spell library contained the following spells:

 Spells                   Type           Power      Damage    Failure   Level
 Summon Small Mammal      Summ           60%        N/A       2%          1
 Beastly Appendage        Tmut           10%        N/A       5%          1
 Wereblood                Tmut           5%         N/A       8%          2
 Conjure Flame            Conj/Fire      25%        6-21      2%          3
 Inner Flame              Hex/Fire       16%        N/A       6%          3
 Spider Form              Tmut/Pois      5%         N/A       16%         3


Dungeon Overview and Level Annotations

Branches:
Dungeon (5/15)             Temple (1/1) D:4

Altars:
Cheibriados
Dithmenos
Gozag
Hepliaklqana
Makhleb
Nemelex Xobeh
Qazlal
Ru
Sif Muna
Uskayaw

Annotations:
D:3 3 runed translucent doors, Scrimshaw's ghost, amateur OpTm
D:5 Duvessa; Grinder


Innate Abilities, Weirdness & Mutations

You have a pair of antennae on your head.
You regenerate magic rapidly.
You are partially covered in razor-sharp scales. (AC +1, Slay +1)
You have sharp fingernails.
You have supernaturally acute eyesight. (SInv)
You occasionally lose the ability to read scrolls when taking damage.


Message History

Casting: Scorch (safe; 1% risk of failure)
Confirm with . or Enter, or press ? or * to list all spells.
Flames lash Duvessa.
Duvessa is severely wounded.
Duvessa's fire resistance burns away.
Duvessa closely misses you.
Casting: Scorch (safe; 1% risk of failure)
Confirm with . or Enter, or press ? or * to list all spells.
Flames lash Duvessa.
Duvessa is burned terribly!
Duvessa is severely wounded.
Duvessa hits you with a +0 short sword! x2
Casting: Scorch (safe; 1% risk of failure)
Confirm with . or Enter, or press ? or * to list all spells.
You conjure some foxfire!
Duvessa barely misses you.
You hit Duvessa but do no damage.
Duvessa is poisoned.
Duvessa is severely wounded.
The foxfire hits Duvessa but does no damage.
Duvessa is severely wounded.
The foxfire hits Duvessa but does no damage.
Duvessa is severely wounded.
Duvessa completely misses you. Duvessa closely misses you.
You hit Duvessa but do no damage.
Duvessa is severely wounded.
Duvessa hits you with a +0 short sword!
You feel threatened and lose the ability to read scrolls!
You barely miss Duvessa.
Duvessa is severely wounded.
You can read scrolls again.
Duvessa is no longer more vulnerable to fire.
Duvessa barely misses you. x2
You hit Duvessa.
Duvessa is almost dead.
Duvessa hits you with a +0 short sword!
You feel threatened and lose the ability to read scrolls!
* * * LOW HITPOINT WARNING * * *
Duvessa closely misses you.
You hit Duvessa but do no damage.
Duvessa looks as sick as possible!
Duvessa is almost dead.
Duvessa barely misses you. Duvessa attacks as you move away!
Duvessa hits you with a +0 short sword!
You die...

#.# #...###.# )# ..#
###..)).# #. .## ####..###
#. .##### #....# .. .....#
##.#.## .# #....## ....#
#.# ......#######..#
###..####
#....>#........###..○....##
#.....#.####...)@e..°......
#.....#....#.#.>.####....##
#####.####†#.##.## ....#
#.)....#.#.... ...#
########....... ####
###....... #.......
#.......


You could see Duvessa (berserk, fast, extremely poisoned).

Vanquished Creatures
  Eustachio (D:5)
  2 water moccasins (D:5)
  A sky beast (D:5)
  A black bear (D:4)
  A phantom (D:4)
  2 scorpions
  4 wights
  Dowan (D:5)
  3 orc priests (D:5)
  Crazy Yiuf (D:3)
  Ijyb (D:4)
  2 iguanas (D:5)
  2 orc wizards (D:4)
  2 adders
  A white imp (D:5)
  2 ufetubi
  2 worms (D:5)
  3 dart slugs
  9 orcs
  6 bats
  5 endoplasms
  5 giant cockroaches
  6 goblins
  9 hobgoblins
  4 jackals
  3 quokkas
  4 ball pythons
  2 frilled lizards (D:2)
  10 kobolds
  4 rats
99 creatures vanquished.

Vanquished Creatures (collateral kills)
  A gnoll (D:5)
  A white imp (D:5)
  An orc (D:5)
3 creatures vanquished.

Vanquished Creatures (others)
  A jelly (D:5)
  116 foxfires
117 creatures vanquished.

Grand Total: 219 creatures vanquished

Notes
Turn   | Place    | Note
-------+----------+-------------------------------------------
     0 | D:1      | croobank the Demonspawn Fire Elementalist began the quest
                  | for the Orb.
     0 | D:1      | Reached XP level 1. HP: 13/13 MP: 3/3
   284 | D:1      | Gained mutation: You are partially covered in razor-sharp
                  | scales. (AC +1, Slay +1) [demonic ancestry]
   284 | D:1      | Reached XP level 2. HP: 19/19 MP: 0/5
   441 | D:1      | Learned a level 2 spell: Scorch
  1645 | D:2      | Gained mutation: You regenerate magic rapidly. [demonic
                  | ancestry]
  1645 | D:2      | Reached XP level 3. HP: 24/24 MP: 6/6
  1754 | D:2      | Found a faded altar of an unknown god.
  2350 | D:3      | Found a stormy altar of Qazlal.
  2423 | D:3      | Found a runed translucent gate.
  2424 | D:3      | Found a runed translucent gate.
  2426 | D:3      | Found a runed translucent gate.
  2427 | D:3      | Noticed Scrimshaw's ghost (amateur OpTm)
  2554 | D:3      | Found a runed translucent door.
  2555 | D:3      | Noticed Crazy Yiuf
  2560 | D:3      | Killed Crazy Yiuf
  2561 | D:3      | Reached skill level 1 in Fighting
  2561 | D:3      | Gained mutation: You have a pair of small antennae on your
                  | head. [demonic ancestry]
  2561 | D:3      | Reached XP level 4. HP: 32/32 MP: 2/7
  3087 | D:3      | Found a sparkling altar of Nemelex Xobeh.
  3259 | D:3      | Learned a level 4 spell: Flame Wave
  3287 | D:4      | Noticed Ijyb
  3434 | D:4      | Noticed a black bear
  3459 | D:4      | Gained mutation: You occasionally lose the ability to read
                  | scrolls when taking damage. [potion of mutation]
  3459 | D:4      | Gained mutation: You have supernaturally acute eyesight.
                  | (SInv) [potion of mutation]
  3459 | D:4      | Gained mutation: You have sharp fingernails. [potion of
                  | mutation]
  3472 | D:4      | Killed Ijyb
  3474 | D:4      | HP: 2/48 [black bear (3)]
  3478 | D:4      | Killed a black bear
  3479 | D:4      | Reached XP level 5. HP: 31/38 MP: 1/9
  3795 | D:4      | Found a staircase to the Ecumenical Temple.
  3805 | Temple   | Entered the Ecumenical Temple
  3834 | Temple   | Became a worshipper of Hepliaklqana the Forgotten
  4049 | D:4      | Noticed a phantom
  4054 | D:4      | Killed a phantom
  4055 | D:4      | Gained mutation: You have a pair of antennae on your head.
                  | [demonic ancestry]
  4055 | D:4      | Reached XP level 6. HP: 44/44 MP: 3/10
  4210 | D:4      | Reached skill level 1 in Invocations
  4501 | D:4      | Reached XP level 7. HP: 51/51 MP: 4/11
  4674 | D:4      | Found an opulent altar of Gozag.
  4856 | D:5      | Entered Level 5 of the Dungeon
  4890 | D:5      | Learned a level 3 spell: Call Canine Familiar
  6026 | D:5      | Noticed Grinder
  6277 | D:5      | Noticed Eustachio
  6292 | D:5      | Reached skill level 1 in Summonings
  6292 | D:5      | Reached XP level 8. HP: 38/58 MP: 6/13
  6313 | D:5      | Killed Eustachio
  6471 | D:5      | Noticed Duvessa
  6471 | D:5      | Noticed Dowan
  6480 | D:5      | Learned a level 3 spell: Summon Guardian Golem
  6498 | D:5      | Killed Dowan
  6508 | D:5      | Slain by Duvessa

Illustrated notes

Levels and vault maps discovered:
D:1:      lemuel_arrival_muddy, layout_basic
D:2:      layout_basic, serial_forest, infiniplex_forest_lined_3_way,
          infiniplex_forest_fountain, infiniplex_forest_lined_room_2,
          infiniplex_forest_clump_tiny, hellmonk_ecumenical_altar_heavens_door
D:3:      layout_rooms, nemelex_spade_bored_becter, lemuel_crystal_altar,
          gammafunk_ghost_necromancy, kennysheep_generic_room_8,
          uniq_crazy_yiuf_cottage
D:4:      layout_cave_pools, grunt_gozag_breadcrumbs,
          minmay_temple_entry_statues, uniq_ijyb
D:5:      layout_basic, mainiacjoe_overflow_brackets,
          grunt_temple_overflow_open, uniq_eustachio, uniq_grinder, uniq_duvessa
Temple:   nicolae_temple_bog_church

Skill      XL: |  1  2  3  4  5  6  7  8 |
---------------+-------------------------+-----
Stealth        | 2 3 4 |  4.1
Dodging        | 2 3 |  3.9
Fire Magic     | 3 4 |  4.3
Fighting       | 1 2 3 |  3.4
Conjurations   | 2 3 |  3.9
Spellcasting   | 3 4 |  4.0
Invocations    | 1 3 |  3.6
Summonings     | 1 2 |  2.0
Armour         | |  0.4

Action                   |  1- 3 |  4- 6 |  7- 9 || total
-------------------------+-------+-------+-------++-------
Melee: Unarmed           |     4 |       |       ||     4
       Dagger            |     9 |    30 |     1 ||    40
       Quarterstaff      |       |     7 |    10 ||    17
       Short sword       |       |       |    34 ||    34
 Cast: Foxfire           |    44 |    16 |    17 ||    77
       Scorch            |    21 |    34 |    31 ||    86
       Call Canine Famil |       |       |     5 ||     5
       Flame Wave        |       |       |     2 ||     2
       Summon Guardian G |       |       |     1 ||     1
Evoke: Wand              |       |       |     2 ||     2
  Use: Scroll            |     4 |     4 |     1 ||     9
       Potion            |       |    10 |       ||    10
 Stab: Sleeping          |     4 |       |     2 ||     6
Armor: Robe              |     5 |    17 |    13 ||    35
       Skin              |       |     9 |       ||     9
       Leather armour    |       |       |     4 ||     4
Dodge: Dodged            |     6 |    37 |    37 ||    80
